[Event "Early Titled Tuesday Blitz | February 8 2022"]
[White "Warchol, Kamil"]
[Black "Martinez Lopez, David"]
[WhiteFideId "21858241"]
[BlackFideId "22235779"]
[WhiteElo "1905"]
[BlackElo "2377"]
[Result "0-1"]
[Round "09"]
[TimeControl "180+1"]
[Date "2022.02.08"]
[WhiteClock "0:00:02"]
[BlackClock "0:00:09"]

1. e4 c5 2. Nf3 d6 3. d4 cxd4 4. Nxd4 Nf6 5. Nc3 a6 6. f4 e5 7. Nf3 Nbd7 8. a4 Qc7 9. Bd3 Be7 10. O-O O-O 11. Qe1 b6 12. Nh4 g6 13. fxe5 dxe5 14. Bg5 Re8 15. Kh1 Bb7 16. Qg3 Nh5 17. Qe3 Bxg5 18. Qxg5 Qd8 19. Qxd8 Raxd8 20. Bc4 Re7 21. Rad1 Rc8 22. Bd5 Ndf6 23. Bxb7 Rxb7 24. Rd6 Kg7 25. Rd3 Rc4 26. b3 Rd4 27. Nf3 Rxd3 28. cxd3 Rc7 29. Ne2 Nd7 30. Rc1 Rxc1+ 31. Nxc1 Kf6 32. Kg1 Ke6 33. Kf2 a5 34. Ke3 h6 35. g3 f5 36. Na2 Nhf6 37. Nc3 Nc5 38. Nd2 Ng4+ 39. Ke2 Nxh2 40. Nc4 Nd7 41. Nd5 fxe4 42. dxe4 Nc5 43. Ndxb6 Nxb3 44. Nd5 Ng4 45. Nde3 Nf6 46. Kd3 Nc5+ 47. Kc2 Nfxe4 48. Nxa5 Nxa4 49. Nac4 Nac5 50. Kd1 Nd6 51. Ke2 Nxc4 52. Nxc4 Ne4 53. Kf3 Nf6 54. Nd2 Kf5 55. Nf1 e4+ 56. Kg2 Ke5 57. Ne3 Kd4 58. Kf2 Nd5 59. Nc2+ Kd3 60. Ne1+ Kd2 61. Ng2 e3+ 62. Kf3 e2 63. Ke4 Ne3 0-1


[Site "https://www.chess.com"]

[Event "Early Titled Tuesday Blitz | February 8 2022"]
[White "Weetik, Vjacheslav"]
[Black "Maksimenko, Viktor"]
[WhiteFideId "4153472"]
[BlackFideId "13710478"]
[WhiteElo "2469"]
[BlackElo "2269"]
[Result "1-0"]
[Round "09"]
[TimeControl "180+1"]
[Date "2022.02.08"]
[WhiteClock "0:00:12"]
[BlackClock "0:00:01"]

1. d4 Nf6 2. Bf4 e6 3. e3 b6 4. Nf3 Be7 5. h3 O-O 6. Be2 c5 7. O-O Ba6 8. c4 Nc6 9. Nc3 cxd4 10. Nxd4 Nxd4 11. Qxd4 Rc8 12. Rfd1 d5 13. Nb5 Bxb5 14. cxb5 Bd6 15. Rac1 Bxf4 16. exf4 Qd6 17. g3 h6 18. Kg2 Nd7 19. b4 Nf6 20. Bd3 Rc7 21. Qe5 Qxe5 22. fxe5 Rxc1 23. Rxc1 Nd7 24. f4 Ra8 25. Rc7 Nf8 26. Kf3 g6 27. g4 g5 28. a4 Kg7 29. f5 Nh7 1-0


[Site "https://www.chess.com"]

[Event "Early Titled Tuesday Blitz | February 8 2022"]
[White "Weishaeutel, Moritz"]
[Black "Kanyamarala, Trisha"]
[WhiteFideId "12967300"]
[BlackFideId "45004722"]
[WhiteElo "2002"]
[BlackElo "2002"]
[Result "1-0"]
[Round "09"]
[TimeControl "180+1"]
[Date "2022.02.08"]
[WhiteClock "0:00:40"]
[BlackClock "0:00:37"]

1. e4 c5 2. b4 e5 3. Nf3 cxb4 4. a3 bxa3 5. Nxe5 Nc6 6. Nf3 Nf6 7. d3 d5 8. e5 Ng4 9. d4 h5 10. Bxa3 Bxa3 11. Rxa3 Bf5 12. Bd3 Be4 13. c3 Qe7 14. O-O h4 15. Bxe4 dxe4 16. Nfd2 Qg5 17. h3 e3 18. Ne4 exf2+ 19. Kh1 Qf4 20. Qxg4 1-0


[Site "https://www.chess.com"]

[Event "Early Titled Tuesday Blitz | February 8 2022"]
[White "Yang, Kaiqi"]
[Black "Cunjalo, Faris"]
[WhiteFideId "8604398"]
[BlackFideId "14410710"]
[WhiteElo "2373"]
[BlackElo "2263"]
[Result "0-1"]
[Round "09"]
[TimeControl "180+1"]
[Date "2022.02.08"]
[WhiteClock "0:00:04"]
[BlackClock "0:00:49"]

1. c4 c5 2. g3 Nc6 3. Bg2 g6 4. Nc3 Bg7 5. Nf3 e6 6. d4 cxd4 7. Nb5 d5 8. cxd5 Qa5+ 9. Bd2 Qxb5 10. dxc6 Ne7 11. cxb7 Bxb7 12. O-O O-O 13. a4 Qd5 14. Bb4 Rfe8 15. Rc1 Qd7 16. Bc5 e5 17. e3 d3 18. Nd2 Bxg2 19. Kxg2 Nc6 20. b4 e4 21. Rc4 f5 22. Qb3 Kh8 23. Rfc1 Ne5 24. Rd4 Qb7 25. Rd6 Rac8 26. h3 Nf7 27. Qd5 Nxd6 28. Qxd6 a6 29. Rc4 Qc6 30. Qxc6 Rxc6 31. b5 axb5 32. axb5 Rcc8 33. b6 Rc6 34. g4 Rec8 35. b7 Rb8 36. gxf5 gxf5 37. Ba7 Rxc4 38. Bxb8 Rb4 0-1


[Site "https://www.chess.com"]

[Event "Early Titled Tuesday Blitz | February 8 2022"]
[White "Yeletsky, Ivan"]
[Black "Abdusattorov, Nodirbek"]
[WhiteFideId "24180327"]
[BlackFideId "14204118"]
[WhiteElo "2348"]
[BlackElo "2663"]
[Result "0-1"]
[Round "09"]
[TimeControl "180+1"]
[Date "2022.02.08"]
[WhiteClock "0:00:18"]
[BlackClock "0:00:20"]

1. e4 c5 2. Nf3 Nc6 3. Bb5 g6 4. Nc3 Bg7 5. O-O e5 6. d3 Nge7 7. Bg5 h6 8. Bxe7 Nxe7 9. a4 O-O 10. Bc4 d6 11. a5 Be6 12. Bxe6 fxe6 13. a6 b6 14. Nd2 Qd7 15. Nc4 h5 16. g3 Rf7 17. Kg2 Raf8 18. Na3 Nc6 19. Ncb5 Bh6 20. c3 d5 21. f3 h4 22. Qe2 Qd8 23. Rad1 Qg5 24. Nc2 Qh5 25. Ne1 d4 26. Nd6 Rd7 27. Nc4 b5 28. Na3 dxc3 29. bxc3 b4 30. cxb4 Nd4 31. Qa2 cxb4 32. Nc4 Rh7 33. g4 h3+ 34. Kg1 Qg5 35. Qf2 b3 36. Qg3 Ne2+ 0-1


[Site "https://www.chess.com"]

[Event "Early Titled Tuesday Blitz | February 8 2022"]
[White "Yoo, Christopher Woojin"]
[Black "Beerdsen, Thomas"]
[WhiteFideId "30909694"]
[BlackFideId "1030108"]
[WhiteElo "2105"]
[BlackElo "2585"]
[Result "1-0"]
[Round "09"]
[TimeControl "180+1"]
[Date "2022.02.08"]
[WhiteClock "0:00:50"]
[BlackClock "0:01:44"]

1. e4 e5 2. Nf3 Nc6 3. Bb5 f5 4. d3 fxe4 5. dxe4 Nf6 6. O-O d6 7. Qd3 Be7 8. Qc4 Qd7 9. Rd1 a6 10. Nxe5 dxe5 11. Rxd7 Bxd7 12. Bxc6 Bxc6 13. Nc3 O-O-O 14. Bg5 Kb8 15. Qf7 Rd7 16. Rd1 Bd6 17. Qc4 Rf8 18. f3 Nh5 19. Be3 h6 20. a4 Rfd8 21. b4 Bc5 22. Qxc5 Rxd1+ 23. Nxd1 Rxd1+ 24. Kf2 Rd8 25. b5 axb5 26. axb5 Be8 27. b6 1-0


[Site "https://www.chess.com"]

[Event "Early Titled Tuesday Blitz | February 8 2022"]
[White "Yuan, Qingyu"]
[Black "Kovanova, Baira"]
[WhiteFideId "8609772"]
[BlackFideId "4164083"]
[WhiteElo "2359"]
[BlackElo "2190"]
[Result "1-0"]
[Round "09"]
[TimeControl "180+1"]
[Date "2022.02.08"]
[WhiteClock "0:00:15"]
[BlackClock "0:00:05"]

1. Nf3 d5 2. g3 Nc6 3. d4 Bf5 4. Bg2 Nb4 5. Na3 e6 6. c3 Nc6 7. Nh4 Be4 8. f3 Bg6 9. Nc2 Nf6 10. O-O Be7 11. Nxg6 hxg6 12. e4 e5 13. exd5 Qxd5 14. f4 e4 15. Ne3 Qd7 16. d5 Nb8 17. Qd4 Na6 18. b4 c5 19. Qe5 cxb4 20. cxb4 Nxb4 21. d6 Qxd6 22. Qb5+ Qc6 23. Qe2 O-O 24. Ba3 Bc5 25. Kh1 a5 26. Rac1 b6 27. Nc4 Rfe8 28. Ne5 Qa4 29. Qc4 Re7 30. Nxg6 Rc7 31. Bxb4 Qxb4 32. Ne5 Qxc4 33. Rxc4 Nd5 34. Bxe4 Rd8 35. Rd1 f6 36. Bxd5+ Rxd5 37. Rxd5 fxe5 38. fxe5 Rf7 39. Rf4 Re7 40. Kg2 Kh7 41. Kf3 Kg6 42. Ke4 a4 43. h4 a3 44. Rg4+ Kf7 45. Rf4+ Ke6 46. Rg4 Kf7 47. h5 Ra7 48. Rf4+ Ke6 49. Rd3 Ra4+ 50. Kf3 Ra7 51. Ke4 Ra4+ 52. Kf3 Ra7 53. Re4 Kf5 54. g4+ Ke6 55. Kg3 Rf7 56. Re2 Rf1 57. Rf3 Rg1+ 58. Kf4 Ra1 59. Kg5 Rg1 60. Rf4 Be7+ 61. Kg6 Bc5 62. Kxg7 Be7 63. Rf6+ Bxf6+ 64. exf6+ Kd6 65. Re4 Kd5 66. Rf4 Ke5 67. Rf5+ Ke6 68. Rf4 Ke5 69. Rb4 Ke6 70. f7 Rf1 71. Rxb6+ Ke7 72. Rb7+ Kd6 73. f8=Q+ Rxf8 74. Kxf8 Kc6 75. Rb3 Kc5 76. h6 Kc4 77. h7 Kd4 78. h8=Q+ Ke4 79. Qh7+ Kf4 80. Qf5# 1-0


[Site "https://www.chess.com"]

[Event "Early Titled Tuesday Blitz | February 8 2022"]
[White "Yushko, Olga"]
[Black "Xie, Bryan"]
[WhiteFideId "14114500"]
[BlackFideId "30941296"]
[WhiteElo "2028"]
[BlackElo "1899"]
[Result "1-0"]
[Round "09"]
[TimeControl "180+1"]
[Date "2022.02.08"]
[WhiteClock "0:02:08"]
[BlackClock "0:00:04"]

1. d4 Nf6 2. c4 e6 3. Nc3 Bb4 4. Qc2 O-O 5. Nf3 c5 6. dxc5 Bxc5 7. g3 Nc6 8. Bg2 Bb4 9. O-O d5 10. cxd5 Nxd5 11. Nxd5 Qxd5 12. Ng5 Qf5 13. Be4 Qg4 14. Bxh7+ Kh8 15. Be4 Be7 16. Bf3 Qf5 17. Be4 Qg4 18. Bxc6 bxc6 19. Qh7# 1-0


[Site "https://www.chess.com"]

[Event "Early Titled Tuesday Blitz | February 8 2022"]
[White "Zanette, Edgard Vinicius"]
[Black "Gracia Alvarez, Gerardo Antonio"]
[WhiteFideId "2109263"]
[BlackFideId "5109124"]
[WhiteElo "2182"]
[BlackElo "2139"]
[Result "0-1"]
[Round "09"]
[TimeControl "180+1"]
[Date "2022.02.08"]
[WhiteClock "0:00:07"]
[BlackClock "0:00:06"]

1. e4 c5 2. Nc3 Nc6 3. f4 g6 4. Nf3 Bg7 5. Bb5 Nd4 6. O-O Nxb5 7. Nxb5 d5 8. exd5 a6 9. Nc3 Nf6 10. Qe2 Nxd5 11. Nxd5 Qxd5 12. d3 Qd6 13. Re1 Be6 14. Ng5 Bd5 15. Ne4 Bxe4 16. Qxe4 Bd4+ 17. Kh1 O-O 18. c3 Bf6 19. Be3 b6 20. Rad1 Rad8 21. f5 Rfe8 22. Bf4 Qd7 23. fxg6 hxg6 24. Be5 Bxe5 25. Qxe5 Qd6 26. Kg1 Qxe5 27. Rxe5 Rd6 28. Kf2 e6 29. Re3 Red8 30. Ke2 Kg7 31. Kd2 g5 32. Kc2 Rh8 33. h3 Rh4 34. Rde1 Rf4 35. R1e2 Kg6 36. Re4 Rf1 37. Re1 Rxe1 38. Rxe1 Rd5 39. Re2 Rf5 40. b4 cxb4 41. cxb4 Rf4 42. a3 Kh5 43. Kd2 Kh4 44. Ke3 Kg3 45. Rc2 a5 46. bxa5 bxa5 47. d4 Rf5 48. Rd2 Rb5 49. Rd3 Kxg2 50. Ke4 f5+ 51. Ke3 Kxh3 52. Kd2+ Kg2 53. Re3 Rb6 54. Re5 a4 55. Ra5 g4 56. Rxa4 g3 57. d5 Rd6 58. Ke3 Rxd5 59. Rf4 Ra5 60. a4 Kg1 61. Kf3 g2 62. Rb4 Rd5 63. Rb1+ Kh2 64. Rb2 Rd3+ 65. Kf4 Kh1 66. Rb1+ g1=Q 0-1


[Site "https://www.chess.com"]

[Event "Early Titled Tuesday Blitz | February 8 2022"]
[White "Zarnicki, Pablo"]
[Black "Vokhidov, Shamsiddin"]
[WhiteFideId "100137"]
[BlackFideId "14204223"]
[WhiteElo "2467"]
[BlackElo "2611"]
[Result "0-1"]
[Round "09"]
[TimeControl "180+1"]
[Date "2022.02.08"]
[WhiteClock "0:00:09"]
[BlackClock "0:00:19"]

1. e4 c5 2. Nf3 e6 3. d4 cxd4 4. Nxd4 Nf6 5. Nc3 Nc6 6. Nxc6 bxc6 7. Bd3 d5 8. O-O Be7 9. Qe2 O-O 10. b3 Bb7 11. Bb2 c5 12. Rad1 Re8 13. e5 Nd7 14. Na4 Qc7 15. c4 Nb6 16. Nc3 Rad8 17. f4 a6 18. Qh5 g6 19. Qh6 Bf8 20. Qh4 Rd7 21. cxd5 exd5 22. f5 Rxe5 23. fxg6 hxg6 24. Ne2 Rh5 25. Qg4 Qxh2+ 26. Kf2 c4 27. bxc4 Bc5+ 28. Bd4 Bxd4+ 29. Nxd4 Rh4 30. Nf3 Rxg4 31. Nxh2 Rf4+ 32. Kg3 Rxf1 33. Bxf1 Rc7 34. cxd5 Bxd5 35. Nf3 a5 36. Rb1 Na4 37. Rb5 Rc5 38. Rxc5 Nxc5 39. a3 f6 40. Nd2 Kf7 41. Kf4 Ke6 42. g3 g5+ 43. Ke3 Ke5 44. Be2 f5 45. Nb1 f4+ 46. gxf4+ gxf4+ 47. Kf2 Ne4+ 48. Ke1 Ba2 49. Nd2 Nd6 50. Nf3+ Kd5 51. Kd2 Ne4+ 52. Kc2 Kc5 53. Kb2 Bd5 54. Bd3 Nf2 55. Be2 Bxf3 56. Bxf3 Nd3+ 57. Kc3 Ne5 58. Be2 Nc6 59. Kb3 Nd4+ 60. Ka4 Nxe2 61. Kxa5 f3 0-1


[Site "https://www.chess.com"]

[Event "Early Titled Tuesday Blitz | February 8 2022"]
[White "parintele_chess"]
[Black "Buscar, Michael"]
[BlackFideId "2603616"]
[WhiteElo "2231"]
[BlackElo "2010"]
[Result "0-1"]
[Round "09"]
[TimeControl "180+1"]
[Date "2022.02.08"]
[WhiteClock "0:00:01"]
[BlackClock "0:01:46"]

1. d4 d5 2. Nc3 c5 3. dxc5 e6 4. e4 Nf6 5. exd5 Nxd5 6. Nxd5 Qxd5 7. Qxd5 exd5 8. Be3 Nc6 9. Bb5 a6 10. Bxc6+ bxc6 11. b4 Be7 12. c3 a5 13. a3 Ba6 14. Ne2 O-O 15. Nd4 Bf6 16. Rc1 axb4 17. cxb4 Bc4 18. Rc3 Ra6 19. Kd2 Rfa8 20. Ra1 Rb8 21. Rcc1 Rba8 22. Rc3 h5 23. g3 h4 24. g4 g6 25. g5 Bg7 26. f4 Re8 27. a4 Re4 28. Ne2 Bxe2 29. b5 Bxb5 30. axb5 Rxa1 0-1


[Site "https://www.chess.com"]

[Event "Early Titled Tuesday Blitz | February 8 2022"]
[White "Aaditya Dhingra"]
[Black "Dylag, Emilia"]
[WhiteFideId "25678191"]
[BlackFideId "21805172"]
[WhiteElo "1789"]
[BlackElo "1932"]
[Result "1-0"]
[Round "10"]
[TimeControl "180+1"]
[Date "2022.02.08"]
[WhiteClock "0:01:07"]
[BlackClock "0:02:23"]

1. e4 c5 2. Nf3 d6 3. d4 cxd4 4. Nxd4 Nf6 5. Nc3 a6 6. Bg5 e6 7. f4 h6 8. Bh4 Be7 9. Qf3 Nbd7 10. O-O-O Qc7 11. Bxf6 Bxf6 12. g4 b5 13. Nf5 exf5 14. Nd5 Qc5 15. e5 Bxe5 16. fxe5 Nxe5 17. Nf6+ gxf6 18. Qxa8 Nxg4 19. Re1+ 1-0


[Site "https://www.chess.com"]

[Event "Early Titled Tuesday Blitz | February 8 2022"]
[White "Abdusattorov, Nodirbek"]
[Black "Jumabayev, Rinat"]
[WhiteFideId "14204118"]
[BlackFideId "13702661"]
[WhiteElo "2663"]
[BlackElo "2561"]
[Result "1-0"]
[Round "10"]
[TimeControl "180+1"]
[Date "2022.02.08"]
[WhiteClock "0:00:20"]
[BlackClock "0:00:02"]

1. e4 c5 2. Nf3 d6 3. d4 cxd4 4. Nxd4 Nf6 5. Nc3 a6 6. Be2 e6 7. Be3 b5 8. Bf3 e5 9. Nb3 Nbd7 10. a4 b4 11. Nd5 a5 12. O-O Bb7 13. Be2 Nxd5 14. exd5 Be7 15. Bb5 O-O 16. c4 bxc3 17. bxc3 f5 18. f3 Rf7 19. c4 Bg5 20. Bf2 Nf6 21. Rb1 h5 22. Qd3 g6 23. Qc3 h4 24. Rfd1 h3 25. g3 Kh7 26. Re1 Bh6 27. Rbd1 Bg7 28. Qd3 e4 29. Qf1 exf3 30. Nd4 Ne4 31. Nxf3 Bh6 32. Bd4 Qc7 33. Qxh3 Re7 34. Rxe4 Rxe4 35. Ng5+ Kg8 36. Qxh6 Rxd4 37. Rxd4 1-0


[Site "https://www.chess.com"]

[Event "Early Titled Tuesday Blitz | February 8 2022"]
[White "Aggelis, Nikolaos"]
[Black "Thomas, Anysia"]
[WhiteFideId "4213220"]
[BlackFideId "670472"]
[WhiteElo "2154"]
[BlackElo "2002"]
[Result "1/2-1/2"]
[Round "10"]
[TimeControl "180+1"]
[Date "2022.02.08"]
[WhiteClock "0:01:09"]
[BlackClock "0:00:19"]

1. d4 Nf6 2. g3 g6 3. Bg2 Bg7 4. Nf3 d5 5. O-O O-O 6. c4 dxc4 7. Na3 c5 8. Nxc4 Nc6 9. dxc5 Qc7 10. Bf4 e5 11. Nfxe5 Nxe5 12. Nxe5 Qxc5 13. Rc1 Qa5 14. a3 Be6 15. Nc4 Qb5 16. Nd6 Qxb2 17. Nxb7 Rac8 18. Rb1 Qc2 19. Bd6 Rfe8 20. Qxc2 Rxc2 21. Rfc1 Rxe2 22. Bf3 Rd2 23. Bb4 Rd3 24. Bc6 Rc8 25. Bb5 Rd4 26. Rxc8+ Bxc8 27. Nd6 Be6 28. Bc5 Rd5 29. Nb7 Ne4 30. Rc1 Nxc5 31. Rxc5 Rxc5 32. Nxc5 Bf8 33. Nxe6 fxe6 34. a4 Bc5 35. Kg2 Kf7 36. f4 Kf6 37. Kf3 e5 38. Ke4 exf4 39. gxf4 h6 40. h3 g5 41. f5 h5 42. Be2 h4 43. Bd3 Bb6 44. Kd5 Bf2 45. a5 Be1 46. a6 Bf2 47. Kd6 Bb6 48. Kd7 Be3 49. Ke8 Bb6 50. Kf8 Be3 51. Kg8 Bb6 52. Kh7 Be3 53. Bc2 Bb6 54. Kh6 Be3 55. Kh5 Bb6 56. Be4 Be3 1/2-1/2


[Site "https://www.chess.com"]

[Event "Early Titled Tuesday Blitz | February 8 2022"]
[White "Al Mukhaini, Shima"]
[Black "Lauridsen, Jesper Morch"]
[WhiteFideId "22005854"]
[BlackFideId "1401890"]
[WhiteElo "2389"]
[BlackElo "2232"]
[Result "1-0"]
[Round "10"]
[TimeControl "180+1"]
[Date "2022.02.08"]
[WhiteClock "0:00:03"]
[BlackClock "0:00:01"]

1. b3 a5 2. a4 Nf6 3. Bb2 e6 4. e3 d5 5. f4 Bd6 6. Nf3 Nbd7 7. Bd3 Qe7 8. O-O Nc5 9. Be2 b6 10. Nc3 Bb7 11. Nb5 O-O 12. Nxd6 cxd6 13. c3 e5 14. b4 Ncd7 15. fxe5 dxe5 16. Ba3 Rfe8 17. bxa5 Qd8 18. axb6 Nxb6 19. Bb5 Nbd7 20. d4 exd4 21. exd4 Ne4 22. Qd3 Rc8 23. Bb4 Re6 24. a5 Nf8 25. a6 Ba8 26. Ra3 Ng6 27. g3 Qc7 28. Kg2 h5 29. Nd2 h4 30. Nxe4 dxe4 31. Qe3 hxg3 32. hxg3 Rf6 33. Rxf6 gxf6 34. c4 f5 35. d5 f4 36. Qxe4 fxg3 37. Rxg3 Qb6 38. Bc3 Rd8 39. Qd4 Qxd4 40. Bxd4 Kf8 41. Bf6 Rc8 42. Re3 Nf4+ 43. Kf3 Nxd5 44. cxd5 Bxd5+ 45. Kf4 Be6 46. Ra3 Rc5 47. a7 Bd5 48. Bd3 Ba8 49. Ra4 Rc6 50. Be5 Rc8 51. Be4 Rd8 52. Bxa8 Rxa8 53. Bb8 Ke7 54. Rd4 Ke6 55. Ke4 1-0


[Site "https://www.chess.com"]

[Event "Early Titled Tuesday Blitz | February 8 2022"]
[White "Alavkin, Arseny"]
[Black "Garcia Martin, Marta"]
[WhiteFideId "4120612"]
[BlackFideId "32084030"]
[WhiteElo "2391"]
[BlackElo "2102"]
[Result "1/2-1/2"]
[Round "10"]
[TimeControl "180+1"]
[Date "2022.02.08"]
[WhiteClock "0:01:09"]
[BlackClock "0:00:05"]

1. d4 b6 2. c4 Bb7 3. Nc3 e6 4. e4 Bb4 5. f3 Qh4+ 6. g3 Bxc3+ 7. bxc3 Qe7 8. Bg2 d6 9. Ne2 Nf6 10. O-O O-O 11. Be3 Nc6 12. Bg5 h6 13. Bxf6 Qxf6 14. Qa4 e5 15. Rad1 Qe7 16. Rf2 Na5 17. Nc1 Qe8 18. Qxe8 Rfxe8 19. c5 Rad8 20. cxb6 axb6 21. Bf1 Ra8 22. Nb3 Nxb3 23. axb3 Ba6 24. Bxa6 Rxa6 25. b4 Ra3 26. Rc2 Kf8 27. Kg2 f6 28. dxe5 fxe5 29. c4 Rea8 30. c5 Ra2 31. Rxa2 Rxa2+ 32. Kh3 bxc5 33. bxc5 Ke7 34. cxd6+ cxd6 35. Rb1 g6 36. Rb7+ Kf6 37. Rd7 Ke6 38. Rg7 Kf6 39. Rh7 h5 40. Rh8 Rf2 41. Rb8 Ke6 42. Rb3 Kf6 43. Rd3 Ke6 44. Rc3 Kf6 45. Re3 Ke6 46. Rd3 Ra2 47. Rb3 Rf2 48. Re3 Ra2 49. g4 hxg4+ 50. fxg4 Kf6 51. Kg3 g5 52. Rf3+ Ke6 53. Rf5 Ra3+ 54. Kg2 Ra2+ 55. Kg3 Ra3+ 56. Rf3 Ra4 57. Rf5 Ra3+ 1/2-1/2


[Site "https://www.chess.com"]

[Event "Early Titled Tuesday Blitz | February 8 2022"]
[White "Alinasab, Mobina"]
[Black "Rostovtsev, Dmitry"]
[WhiteFideId "12528897"]
[BlackFideId "34278320"]
[WhiteElo "2061"]
[BlackElo "2218"]
[Result "1/2-1/2"]
[Round "10"]
[TimeControl "180+1"]
[Date "2022.02.08"]
[WhiteClock "0:00:08"]
[BlackClock "0:00:19"]

1. e4 g6 2. d4 Bg7 3. Nc3 d6 4. f4 Nf6 5. Nf3 O-O 6. e5 dxe5 7. fxe5 Nd5 8. Bc4 Be6 9. Bb3 Nc6 10. Ng5 Nxc3 11. bxc3 Bxb3 12. cxb3 f6 13. Ne6 Qd5 14. Nxf8 Qxg2 15. Rf1 Rxf8 16. Qe2 Qd5 17. exf6 exf6 18. Ba3 Rd8 19. O-O-O Kf7 20. Rfe1 a5 21. Bb2 Qf5 22. Qc4+ Qd5 23. Qxd5+ Rxd5 24. c4 Rh5 25. d5 Ne5 26. Bxe5 fxe5 27. d6 cxd6 28. Rxd6 Bh6+ 29. Kb1 Rxh2 30. Rd7+ Kf6 31. Rxh7 b6 32. a3 Kf5 33. b4 axb4 34. axb4 Rh4 35. Ka2 Rxc4 36. Rxh6 Rxb4 37. Rh8 e4 38. Rf8+ Ke5 39. Re8+ Kf4 40. Ka3 Rd4 41. Kb3 g5 42. Kc3 Rd3+ 43. Kc4 b5+ 44. Kxb5 e3 45. Kc4 Ra3 46. Rf1+ Kg3 47. Kd4 Kg2 48. Rf5 g4 49. Rxe3 Ra4+ 50. Kd3 g3 51. Rg5 Ra3+ 52. Ke4 Ra4+ 53. Kf5 Ra5+ 54. Kg6 Rxg5+ 55. Kxg5 Kf2 56. Ra3 g2 57. Ra2+ Kf1 58. Ra1+ Kf2 59. Kf4 g1=Q 60. Rxg1 1/2-1/2


[Site "https://www.chess.com"]

[Event "Early Titled Tuesday Blitz | February 8 2022"]
[White "Allahverdiyeva, Ayan"]
[Black "Redzisz, Michal"]
[WhiteFideId "13412590"]
[BlackFideId "21816107"]
[WhiteElo "1910"]
[BlackElo "1961"]
[Result "1-0"]
[Round "10"]
[TimeControl "180+1"]
[Date "2022.02.08"]
[WhiteClock "0:00:21"]
[BlackClock "0:00:01"]

1. e4 c5 2. Nf3 e6 3. d4 cxd4 4. Nxd4 a6 5. c4 Nf6 6. Nc3 Bb4 7. Bd3 Nc6 8. Nf3 Qa5 9. O-O O-O 10. Bf4 Bxc3 11. bxc3 e5 12. Bg5 Ne8 13. Nh4 d6 14. Nf5 Bxf5 15. exf5 d5 16. cxd5 Qxd5 17. Qe2 Kh8 18. Rfd1 Qa5 19. Rac1 f6 20. Be3 Nc7 21. Be4 Rad8 22. Rb1 Nb5 23. Bd2 Nxc3 24. Bxc3 Qxc3 25. Rxb7 Nd4 26. Qg4 Rg8 27. h4 Rb8 28. Re7 Qc4 29. Qh5 Rbd8 30. Re1 1-0


[Site "https://www.chess.com"]

[Event "Early Titled Tuesday Blitz | February 8 2022"]
[White "Aloma Vidal, Robert"]
[Black "Lucas, Arthur"]
[WhiteFideId "2260409"]
[BlackFideId "26093073"]
[WhiteElo "2435"]
[BlackElo "2129"]
[Result "1-0"]
[Round "10"]
[TimeControl "180+1"]
[Date "2022.02.08"]
[WhiteClock "0:00:43"]
[BlackClock "0:00:01"]

1. e4 c6 2. d4 d5 3. e5 Bf5 4. Nf3 e6 5. Be2 c5 6. Be3 Qb6 7. c4 Qxb2 8. O-O Qxa1 9. Qb3 Nd7 10. Nc3 Qxf1+ 11. Bxf1 dxc4 12. Qxb7 Rb8 13. Qxa7 Ne7 14. Bxc4 Nc6 15. Qc7 Nxd4 16. Nxd4 cxd4 17. Bxd4 Bb4 18. g4 Bxc3 19. Bxc3 Be4 20. f3 Bxf3 21. h3 O-O 22. Qxd7 Rfc8 23. Qd4 Rd8 24. Qf4 Bc6 25. Bb3 Rd3 26. Bb4 Rf3 27. Qc4 Bd5 28. Qc7 Rg3+ 29. Kf2 Rg2+ 30. Kf1 Re8 31. Bxd5 Rb2 32. Bc6 1-0


[Site "https://www.chess.com"]

[Event "Early Titled Tuesday Blitz | February 8 2022"]
[White "Al-Tarboush, Ward"]
[Black "Gaehwiler, Gabriel"]
[WhiteFideId "7601450"]
[BlackFideId "1314530"]
[WhiteElo "2276"]
[BlackElo "2383"]
[Result "1-0"]
[Round "10"]
[TimeControl "180+1"]
[Date "2022.02.08"]
[WhiteClock "0:02:15"]
[BlackClock "0:00:18"]

1. e4 d6 2. d4 Nf6 3. Nc3 Nbd7 4. Bd3 e5 5. Nge2 Be7 6. f3 O-O 7. d5 Nh5 8. Be3 Bg5 9. Qd2 Bxe3 10. Qxe3 a6 11. O-O-O Qf6 12. Rdg1 Nc5 13. Kb1 b5 14. g3 b4 15. Nd1 Bd7 16. f4 Bg4 17. f5 g5 18. h3 Bxe2 19. Bxe2 Ng7 20. h4 g4 21. Bxg4 a5 22. Bf3 a4 23. g4 b3 24. cxb3 axb3 25. a3 Ra4 26. g5 Qd8 27. f6 Ne8 28. Nc3 Ra5 29. Bg4 c6 30. Bf5 Nc7 31. Qf3 1-0


[Site "https://www.chess.com"]

[Event "Early Titled Tuesday Blitz | February 8 2022"]
[White "Aradhya, Garg"]
[Black "Jaskolka, Tomasz"]
[WhiteFideId "25006746"]
[BlackFideId "1170791"]
[WhiteElo "2169"]
[BlackElo "2054"]
[Result "1-0"]
[Round "10"]
[TimeControl "180+1"]
[Date "2022.02.08"]
[WhiteClock "0:01:00"]
[BlackClock "0:00:03"]

1. d4 e6 2. c4 f5 3. g3 Nf6 4. Bg2 Be7 5. Nf3 d6 6. O-O O-O 7. Nc3 Qe8 8. Re1 Qg6 9. Nh4 Qh5 10. e4 Qxd1 11. Rxd1 fxe4 12. Nxe4 Nxe4 13. Bxe4 Bxh4 14. gxh4 Nd7 15. h5 Nf6 16. Bf3 Nd5 17. Kg2 Nf4+ 18. Kg3 e5 19. dxe5 dxe5 20. Bxf4 exf4+ 21. Kg2 c6 22. Rd4 Be6 23. Re1 Rae8 24. Rde4 Bd7 25. Rxe8 Rxe8 26. Rxe8+ Bxe8 27. Kh3 Bf7 28. b3 Be6+ 29. Bg4 Kf7 30. Bxe6+ Kxe6 31. Kg4 Ke5 32. f3 h6 33. c5 b6 34. b4 bxc5 35. bxc5 Kd4 36. Kf5 Ke3 37. Kg4 Kd4 38. Kf5 Kxc5 39. Kg6 Kd5 40. Kxg7 Ke5 41. Kxh6 Kf6 42. Kh7 c5 43. h4 c4 44. Kg8 c3 45. h6 c2 46. h7 c1=Q 47. h8=Q+ Ke7 48. Qe5+ Kd7 49. Kg7 Qg1+ 50. Kf6 Qg3 51. Qd5+ Kc7 52. h5 Qh4+ 53. Kf7 Qg3 54. h6 a5 55. h7 Qh4 56. Qc5+ Kb7 57. Qb5+ Ka7 58. Qxa5+ Kb7 59. Qb4+ Ka7 60. Qa3+ Kb7 61. Qb2+ Ka7 62. h8=Q Qg5 63. Qhb8+ Ka6 64. Qa8# 1-0


[Site "https://www.chess.com"]

[Event "Early Titled Tuesday Blitz | February 8 2022"]
[White "Araujo Filho, Luiz Antonio Coel"]
[Black "Karabalis, Harilos"]
[WhiteFideId "2130661"]
[BlackFideId "4621808"]
[WhiteElo "2252"]
[BlackElo "2168"]
[Result "1/2-1/2"]
[Round "10"]
[TimeControl "180+1"]
[Date "2022.02.08"]
[WhiteClock "0:00:05"]
[BlackClock "0:00:10"]

1. d4 Nf6 2. Nf3 d5 3. e3 c5 4. c3 Nc6 5. Nbd2 Bf5 6. Qa4 Qb6 7. dxc5 Qxc5 8. Ne5 Rc8 9. Bb5 Nd7 10. Nxc6 bxc6 11. Be2 e5 12. O-O Bd6 13. e4 Be6 14. Nf3 Qb6 15. Be3 Bc5 16. exd5 Bxd5 17. Bxc5 Qxc5 18. Qg4 g6 19. Nxe5 Be6 20. Nxd7 Bxd7 21. Qd4 Qxd4 22. cxd4 O-O 23. Bf3 Rfd8 24. Rfd1 Be6 25. b3 Bd5 26. Bxd5 Rxd5 27. Rac1 Kf8 28. Kf1 Ke7 29. Ke2 Kd6 30. h3 Re8+ 31. Kd3 Rf5 32. Rd2 h5 33. Kc4 Re4 34. b4 a5 35. a3 Rb5 36. Rc3 h4 37. Re3 Rf4 38. Re8 axb4 39. axb4 Kd7 40. Ra8 g5 41. Ra7+ Kd6 42. Ra5 Rbf5 43. Rxf5 Rxf5 44. Re2 f6 45. f3 Rf4 46. Re8 f5 47. Re5 g4 48. hxg4 fxg4 49. fxg4 Rxg4 50. Re2 Rg3 51. b5 cxb5+ 52. Kxb5 Kd5 53. Rd2 Rc3 54. Kb4 Rc1 55. Kb3 Rc8 56. Rf2 Rg8 57. Rf4 Rxg2 58. Rxh4 Rg8 59. Kc3 Rg3+ 60. Kd2 Ra3 61. Ke2 Rb3 62. Kd2 Ra3 63. Kc2 Rg3 64. Kd2 Rf3 65. Ke2 Rg3 66. Kd2 1/2-1/2


[Site "https://www.chess.com"]